 Dungeon Crawl Stone Soup version 0.29.1-4-g47bece8355 (webtiles) character file.

Game seed: 7814351022059415123

1640 sanboga the Fighter (level 8, -9/145 HPs)
             Began as an Ogre Berserker on Dec 1, 2022.
             Was a Believer of Trog.
             Mangled by Prince Ribbit (15 damage)
             ... on level 6 of the Dungeon.
             The game lasted 00:06:07 (6508 turns).

sanboga the Fighter (Ogre Berserker)                Turns: 6508, Time: 00:06:08

Health: -9/145     AC:  4    Str: 28    XL:     8   Next: 99%
Magic:  8/8        EV: 10    Int:  7    God:    Trog [**....]
Gold:   267        SH:  0    Dex:  7    Spells: 7/7 levels left

rFire   . . .      SeeInvis .   a - +0 giant club
rCold   . . .      Faith    .   (shield currently unavailable)
rNeg    . . .      Spirit   .   j - +1 robe {Will+}
rPois   .          Reflect  .   (helmet restricted)
rElec   .          Harm     .   (no cloak)
rCorr   .          Rampage  .   (gloves unavailable)
Will    +....                   (boots unavailable)
Stlth   ..........              q - amulet of the acrobat
HPRegen 0.34/turn               (no ring)
MPRegen 0.11/turn               (no ring)

@: berserking (expiring), very quick
A: large, unfitting armour, tough skin 1, robust 1, strong 1
a: Renounce Religion, Berserk, Trog's Hand


You were on level 6 of the Dungeon.
You worshipped Trog.
Trog was pleased with you.
You visited 1 branch of the dungeon, and saw 6 of its levels.

You collected 267 gold pieces.

Inventory:

Hand Weapons
 a - a +0 giant club (weapon)
Armour
 j - a +1 robe of willpower (worn)
Jewellery
 o - a ring of fire
 q - an amulet of the acrobat (around neck)
Wands
 e - a wand of roots (11)
Scrolls
 n - 3 scrolls of magic mapping
 y - a scroll of teleportation
Potions
 b - a potion of cancellation {unknown}
 c - 3 potions of mutation
 d - 4 potions of might
 g - a potion of lignification {unknown}
 i - 2 potions of degeneration {unknown}
 l - 5 potions of curing {unknown}
 p - 3 potions of flight {unknown}
 r - a potion of heal wounds {unknown}
 s - 2 potions of resistance {unknown}
 t - 2 potions of brilliance {unknown}
 v - 2 potions of magic {unknown}
 w - a potion of berserk rage {unknown}
 x - a potion of attraction {unknown}


   Skills:
 + Level 8.4 Fighting
 * Level 7.5 Maces & Flails
 + Level 5.7 Dodging


You had 7 spell levels left.
You didn't know any spells.
Your spell library was empty.

Dungeon Overview and Level Annotations

Branches:
Dungeon (6/15)
 Temple: D:4-7

Altars:
Ashenzari
Fedhas
Nemelex Xobeh
Wu Jian

Annotations:
D:5 1 runed translucent door
D:6 Prince Ribbit


Innate Abilities, Weirdness & Mutations

You are too large for most types of armour.
You have tough skin. (AC +1)
You are robust. (+10% HP)
Your muscles are strong. (Str +4, Int/Dex -1)


Message History

Prince Ribbit hits you! Prince Ribbit closely misses you.
You miss Prince Ribbit.
Prince Ribbit is moderately wounded.
Prince Ribbit hits you!
You barely miss Prince Ribbit.
Prince Ribbit is moderately wounded.
Prince Ribbit hits you! x2
* * * LOW HITPOINT WARNING * * *
You are too injured to fight recklessly!
You are too injured to fight recklessly!
You are too injured to fight recklessly!
A red film seems to cover your vision as you go berserk!
You feel yourself moving faster!
You feel mighty! Prince Ribbit barely misses you.
You barely miss Prince Ribbit.
Prince Ribbit is moderately wounded.
Prince Ribbit hits you!
* * * LOW HITPOINT WARNING * * *
Prince Ribbit blinks!
Prince Ribbit blinks!
You feel a strong urge to attack something.
You miss Prince Ribbit.
Prince Ribbit is moderately wounded.
Prince Ribbit misses you. Prince Ribbit barely misses you.
You miss Prince Ribbit.
Prince Ribbit is moderately wounded.
Prince Ribbit hits you.
* * * LOW HITPOINT WARNING * * *
You barely miss Prince Ribbit.
Prince Ribbit is moderately wounded.
Prince Ribbit hits you!
* * * LOW HITPOINT WARNING * * *
You barely miss Prince Ribbit.
Prince Ribbit is moderately wounded.
Prince Ribbit hits you.
* * * LOW HITPOINT WARNING * * *
You closely miss Prince Ribbit.
Prince Ribbit is moderately wounded.
Prince Ribbit hits you!
You die...

#####
####################......
#...<..##......F@....#
..........############
.........## .........#
........)# ....[....#
.........# ........##
.........


You could see Prince Ribbit.

Vanquished Creatures
  The ghost of Agrostarius the Slasher, a novice HOBe of Trog (D:5)
  Sigmund (D:3)
  Edmund (D:4)
  2 ice beasts (D:5)
  An ogre (D:5)
  Blork the orc (D:4)
  A scorpion (D:5)
  A necrophage (D:3)
  3 hounds
  2 iguanas (D:5)
  Terence (D:3)
  Natasha (thrice) (D:2)
  7 gnolls
  6 adders
  A river rat (D:5)
  2 ufetubi
  A worm (D:2)
  A dart slug (D:4)
  4 orcs
  6 endoplasms
  3 giant cockroaches
  8 goblins
  6 hobgoblins
  10 jackals
  2 quokkas
  9 ball pythons
  10 bats
  7 kobolds
101 creatures vanquished.

Vanquished Creatures (others)
  6 demonic plants (D:3)
  5 fungi (D:3)
  9 plants (D:3)
  6 withered plants (D:3)
26 creatures vanquished.

Grand Total: 127 creatures vanquished

Notes
Turn   | Place    | Note
-------+----------+-------------------------------------------
     0 | D:1      | sanboga the Ogre Berserker began the quest for the Orb.
     0 | D:1      | Reached XP level 1. HP: 24/24 MP: 1/1
   502 | D:1      | Reached XP level 2. HP: 31/32 MP: 2/2
  1178 | D:2      | Reached XP level 3. HP: 40/40 MP: 3/3
  1202 | D:2      | Noticed Natasha
  1206 | D:2      | Killed Natasha
  1207 | D:2      | Reached XP level 4. HP: 41/49 MP: 4/4
  1441 | D:2      | Noticed Natasha
  1451 | D:2      | Killed Natasha
  1452 | D:2      | Reached skill level 5 in Fighting
  1687 | D:2      | Noticed Natasha
  1700 | D:2      | Killed Natasha
  1919 | D:2      | Reached ** piety under Trog
  1947 | D:2      | Found an ornate altar of the Wu Jian Council.
  1982 | D:2      | Reached XP level 5. HP: 57/57 MP: 5/5
  2749 | D:3      | Noticed Sigmund
  2758 | D:3      | Killed Sigmund
  2759 | D:3      | Reached XP level 6. HP: 67/67 MP: 6/6
  2812 | D:3      | Reached skill level 6 in Fighting
  2849 | D:3      | Noticed Terence
  2856 | D:3      | Killed Terence
  2859 | D:3      | Found a faded altar of an unknown god.
  3451 | D:3      | Reached skill level 5 in Maces & Flails
  3451 | D:3      | Reached XP level 7. HP: 67/72 MP: 7/7
  3695 | D:4      | Noticed Edmund
  3710 | D:4      | Killed Edmund
  4706 | D:4      | Noticed Blork the orc
  4720 | D:4      | Killed Blork the orc
  4980 | D:4      | Found a sparkling altar of Nemelex Xobeh.
  4980 | D:4      | Found a broken altar of Ashenzari.
  4980 | D:4      | Found a blossoming altar of Fedhas.
  5039 | D:4      | Gained mutation: You are robust. (+10% HP) [potion of
                  | mutation]
  5039 | D:4      | Gained mutation: Your muscles are strong. (Str +4, Int/Dex
                  | -1) [potion of mutation]
  5189 | D:5      | Entered Level 5 of the Dungeon
  5232 | D:5      | Reached skill level 7 in Fighting
  5383 | D:5      | Reached XP level 8. HP: 90/95 MP: 8/8
  5709 | D:5      | Reached *** piety under Trog
  5710 | D:5      | Reached skill level 5 in Dodging
  5781 | D:5      | Found a runed translucent door.
  5784 | D:5      | Noticed Agrostarius's ghost (novice HOBe)
  5803 | D:5      | Killed Agrostarius's ghost
  5804 | D:5      | Reached skill level 8 in Fighting
  5818 | D:5      | Found a runed translucent door.
  6483 | D:6      | Noticed Prince Ribbit
  6507 | D:6      | HP: 6/145 [Prince Ribbit (6)]
  6508 | D:6      | Mangled by Prince Ribbit

Illustrated notes

Levels and vault maps discovered:
D:1:      enne_arrival_octagon_isle, layout_basic
D:2:      layout_loops_ring, basic_altar, uniq_natasha
D:3:      layout_loops_ring, shapermc_ecumenical_altar_gd, uniq_terence,
          uniq_sigmund
D:4:      layout_basic, gammafunk_temple_overflow_claw, st_stairs_2,
          uniq_edmund, uniq_blork_the_orc
D:5:      layout_loops_ring, ebering_ghost_sewer_f, kennysheep_generic_room_3
D:6:      layout_rooms, uniq_prince_ribbit1

Skill      XL: |  1  2  3  4  5  6  7  8 |
---------------+-------------------------+-----
Maces & Flails | 3 4 5 6 7 |  7.5
Dodging        | 3 4 5 |  5.7
Fighting       | 5 6 7 8 |  8.4

Action                   |  1- 3 |  4- 6 |  7- 9 || total
-------------------------+-------+-------+-------++-------
Melee: Mace              |    62 |       |       ||    62
       Whip              |    15 |   120 |    22 ||   157
       Punch             |       |     2 |       ||     2
       Flail             |       |       |    81 ||    81
       Giant club        |       |       |    87 ||    87
Invok: Berserk           |       |     2 |     3 ||     5
  Use: Scroll            |       |       |     8 ||     8
       Potion            |       |       |     1 ||     1
Armor: Animal skin       |    42 |    24 |    20 ||    86
       Robe              |       |       |    28 ||    28
Dodge: Dodged            |    54 |    67 |   119 ||   240
